Map: Old Sun Temple LE

Players

Shino

  • Race: Zerg Zerg
  • League: Grandmaster
  • Spawn Location: 11:00

Jumy (ForJumy) - Winner!

  • Race: Protoss Protoss
  • League: Master
  • Spawn Location: 5:00

Event: HomeStory Cup XXIX

VOD

Have the link to the VOD?

Description

Time

  • Played on: July 3, 2026, 8:39 a.m.
  • Length: 31:17

All games in this series

Show
View Real Time Build Order
Export as new Build Order

Shino Zerg 

Build Orders: Hatch First 

Get SALT Encoding   

  8  0:00  Drone  
  9  0:10  Drone  
  10  0:17  Drone  
  11  0:28  Overlord  
  11  0:34  Drone  
  12  0:47  Drone x2  
  14  0:51  Drone  
  15  1:04  Drone  
  16  1:16  Hatchery  
  15  1:21  Drone  
  15  1:24  Drone  
  17  1:30  Drone  
  18  1:38  Extractor  
  17  1:43  Spawning Pool  
  17  1:46  Drone  
  17  1:49  Drone  
  18  2:00  Drone  
  19  2:13  Overlord  
  19  2:24  Drone  
  20  2:30  Queen x2  
  20  2:33  Zergling x4  
  26  2:40  Drone  
  26  2:42  Drone  
  28  2:45  Metabolic Boost  
  28  2:52  Overlord  
  28  2:55  Drone  
  29  3:00  Drone x2  
  31  3:11  Drone x2  
  33  3:19  Hatchery  
  31  3:27  Zergling x6  
  34  3:36  Queen  
  34  3:39  Overlord  
  36  3:43  Drone x3  
  36  3:46  Drone  
  40  3:51  Overlord  
  40  3:57  Drone x4  
  40  4:01  Drone  
  45  4:03  Evolution Chamber  
  44  4:12  Drone x4  
  45  4:19  Spore Crawler  
  41  4:26  Drone x2  
  41  4:31  Drone  
  41  4:36  Drone  
  41  4:37  Drone  
  44  4:39  Drone  
  45  4:46  Queen  
  45  4:51  Drone x2  
  49  4:55  Drone x2  
  49  4:56  Queen  
  51  5:01  Drone x2  
  51  5:02  Drone  
  51  5:05  Overlord  
  53  5:07  Extractor  
  53  5:08  Drone  
  53  5:12  Drone  
  53  5:13  Drone  
  53  5:14  Drone  
  57  5:17  Overlord  
  57  5:18  Overlord  
  57  5:23  Roach Warren  
  57  5:27  Drone  
  57  5:29  Spore Crawler  
  57  5:31  Spore Crawler  
  57  5:34  Lair  
  55  5:35  Drone  
  55  5:36  Drone  
  55  5:46  Zergling x16  
  61  5:50  Spore Crawler  
  61  5:57  Drone x4  
  65  6:03  Drone x5  
  70  6:07  Evolution Chamber  
  70  6:08  Overlord  
  69  6:13  Drone x6  
  75  6:21  Hatchery  
  73  6:30  Drone x8  
  79  6:33  Drone x2  
  79  6:36  Zerg Melee Weapons Level 1  
  79  6:37  Extractor  
  79  6:38  Extractor x2  
  79  6:39  Extractor x2  
  75  6:40  Overlord  
  75  6:45  Glial Reconstitution  
  75  6:47  Drone x3  
  77  6:48  Drone  
  77  6:50  Zergling x6  
  81  6:59  Drone x3  
  81  7:01  Overlord  
  83  7:06  Overseer  
  83  7:09  Zergling x10  
  83  7:11  Queen  
  83  7:13  Overlord x2  
  90  7:16  Drone  
  90  7:20  Spire  
  88  7:38  Roach  
  88  7:39  Roach x12  
  112  7:48  Overlord  
  112  7:51  Drone x7  
  110  8:07  Overlord  
  110  8:10  Drone  
  110  8:11  Extractor  
  110  8:12  Zergling x20  
  120  8:18  Extractor  
  119  8:22  Overlord  
  119  8:23  Overlord  
  119  8:28  Mutalisk x7  
  119  8:30  Zerg Missile Weapons Level 1  
  133  8:36  Drone  
  133  8:37  Roach  
  133  8:40  Overlord  
  136  8:47  Mutalisk x3  
  140  8:52  Overlord x2  
  140  8:53  Drone x6  
  146  9:01  Zerg Flyer Weapons Level 1  
  146  9:07  Overlord  
  146  9:11  Mutalisk x4  
  146  9:15  Mutalisk  
  154  9:20  Baneling Nest  
  151  9:26  Drone x3  
  151  9:27  Drone x2  
  151  9:29  Mutalisk x2  
  151  9:31  Hatchery, Zergling x22  
  160  9:36  Overlord x2  
  170  9:40  Infestation Pit  
  170  9:42  Evolution Chamber  
  168  9:46  Overlord  
  168  9:56  Zergling x18  
  168  9:57  Zergling x12  
  168  9:58  Zergling x6  
  173  10:09  Ravager  
  149  10:16  Hive  
  149  10:17  Zerg Ground Armor Level 1  
  144  10:24  Zerg Melee Weapons Level 2, Corruptor x6  
  156  10:34  Zergling x20  
  164  10:40  Centrifugal Hooks  
  163  10:47  Extractor  
  163  10:48  Extractor  
  161  10:53  Drone x6  
  161  10:55  Drone  
  168  11:11  Zergling x4  
  168  11:12  Zergling x26, Hatchery  
  180  11:30  Ultralisk Cavern  
  176  11:36  Adrenal Glands  
  172  11:44  Drone  
  151  11:52  Infestor x2  
  151  11:53  Infestor x4  
  160  11:57  Drone  
  160  11:59  Neural Parasite  
  161  12:01  Burrow  
  161  12:11  Zerg Flyer Armor Level 1  
  157  12:17  Drone  
  157  12:19  Drone x3  
  161  12:25  Chitinous Plating  
  161  12:27  Ultralisk x3  
  161  12:29  Hatchery  
  176  12:31  Ultralisk  
  184  12:37  Ultralisk, Zergling x2  
  184  12:38  Zergling x30  
  184  12:41  Hatchery  
  184  12:43  Spine Crawler x2  
  197  12:46  Zergling x6  
  197  12:47  Spine Crawler  
  189  13:07  Ultralisk  
  189  13:08  Zerg Ground Armor Level 2  
  189  13:09  Zerg Melee Weapons Level 3  
  193  13:13  Ultralisk  
  195  13:26  Ultralisk  
  183  13:38  Ultralisk x2  
  195  13:44  Anabolic Synthesis  
  195  13:47  Zergling x10  
  181  14:11  Zergling x34  
  181  14:12  Zergling x2  
  199  14:23  Infestor x4  
  199  14:26  Greater Spire  
  199  14:27  Spire  
  174  14:49  Zergling x42  
  187  14:56  Drone x5  
  187  14:57  Drone  
  159  15:14  Zergling x20  
  159  15:15  Zergling x16  
  159  15:16  Corruptor x6  
  173  15:27  Zergling x10  
  158  15:36  Corruptor x2  
  147  15:46  Corruptor x2  
  141  15:50  Infestor x2, Drone  
  141  15:51  Drone  
  141  15:52  Hatchery  
  141  15:53  Ultralisk x2  
  141  15:54  Infestor  
  141  15:56  Infestor  
  137  15:57  Corruptor  
  137  16:01  Corruptor  
  137  16:02  Spire  
  135  16:16  Drone x2  
  135  16:17  Drone  
  135  16:18  Drone  
  137  16:19  Drone x4  
  139  16:34  Drone x9  
  148  16:45  Drone  
  148  16:46  Drone x5  
  154  16:52  Overseer  
  140  17:10  Zerg Flyer Armor Level 2  
  140  17:11  Corruptor x4  
  137  17:28  Drone x2  
  137  17:29  Corruptor x3  
  145  17:39  Viper x2  
  151  17:48  Corruptor x4  
  151  17:51  Infestor x2  
  151  17:57  Viper  
  150  18:00  Corruptor x2  
  150  18:01  Drone x2  
  156  18:07  Drone  
  156  18:08  Drone x3  
  158  18:25  Infestor x5  
  172  18:33  Corruptor  
  172  18:39  Drone x3  
  175  18:43  Corruptor x2  
  175  18:46  Corruptor  
  175  18:48  Corruptor  
  177  18:54  Spore Crawler  
  177  18:55  Spine Crawler  
  177  19:08  Drone  
  177  19:09  Drone x5  
  182  19:10  Drone x4  
  182  19:11  Overlord x2  
  181  19:18  Drone x5  
  181  19:23  Corruptor x2  
  188  19:38  Spore Crawler  
  179  20:00  Greater Spire  
  179  20:07  Drone x3, Spore Crawler  
  179  20:09  Drone x3, Spine Crawler  
  179  20:10  Drone x2, Spine Crawler  
  171  20:22  Drone x2, Zergling x8  
  171  20:23  Zergling x18  
  171  20:28  Drone x10  
  175  20:37  Overlord  
  175  20:39  Overlord  
  173  20:48  Ultralisk Cavern  
  170  20:50  Overseer x3  
  170  20:51  Overseer x2  
  170  21:00  Drone x2  
  170  21:01  Drone  
  170  21:03  Spore Crawler  
  172  21:04  Spine Crawler  
  172  21:05  Drone x2  
  172  21:07  Spore Crawler  
  172  21:21  Brood Lord x3  
  172  21:23  Brood Lord  
  180  21:28  Brood Lord  
  172  21:39  Drone x5  
  175  21:46  Brood Lord  
  175  21:47  Brood Lord  
  176  21:54  Drone x2  
  174  22:02  Zerg Flyer Armor Level 3  
  174  22:05  Drone x4  
  174  22:07  Drone  
  174  22:08  Drone x2  
  181  22:22  Brood Lord x2  
  183  22:31  Pneumatized Carapace  
  183  22:38  Zergling x22  
  178  23:14  Corruptor x3  
  178  23:24  Drone x6, Extractor  
  178  23:25  Extractor, Zergling x10  
  178  23:26  Zergling x20  
  185  23:53  Brood Lord  
  181  24:09  Zergling x14  
  188  24:13  Hatchery  
  182  24:20  Infestor x2  
  186  24:27  Zergling x2  
  186  24:28  Overlord  
  186  24:29  Overlord x3  
  181  24:50  Zergling x24  
  134  25:16  Corruptor  
  134  25:17  Corruptor x5  
  139  25:31  Corruptor  
  139  25:34  Drone  
  131  26:06  Spore Crawler x3  
  131  26:07  Drone x15  
  143  26:21  Lair  
  129  26:28  Drone  
  129  26:29  Drone x2  
  129  26:39  Drone x2  
  121  26:41  Drone x7  
  121  26:42  Drone x6  
  121  26:45  Extractor x2  
  132  26:55  Infestor x4  
  132  27:06  Spawning Pool  
  124  27:18  Drone x3  
  102  27:53  Drone x13  
  102  27:59  Spire, Drone x2  
  103  28:07  Hatchery  
  103  28:08  Zergling x12  
  103  28:09  Zergling x8  
  108  28:21  Zergling x6  
  108  28:22  Zergling x2  
  109  28:31  Zergling x2  
  109  28:32  Zergling x4  
  98  28:45  Drone x6  
  96  29:01  Hatchery  
  94  29:05  Corruptor x7  
  108  29:14  Infestation Pit  
  107  29:22  Zergling x4  
  109  29:35  Zergling x8  
  113  29:48  Zergling x14  
  115  30:16  Corruptor x2  
  115  30:19  Corruptor  
Show
View Real Time Build Order
Export as new Build Order

Jumy Protoss - Winner!

Build Orders: Oracle Opening 

Get SALT Encoding   

  8  0:00  Probe (Chrono Boost)  
  9  0:12  Probe (Chrono Boost)  
  10  0:19  Probe (Chrono Boost)  
  11  0:26  Probe  
  12  0:33  Pylon  
  12  0:38  Probe  
  13  0:51  Probe  
  14  0:58  Gateway  
  14  1:03  Probe (Chrono Boost)  
  15  1:08  Assimilator  
  15  1:14  Probe (Chrono Boost)  
  16  1:19  Probe (Chrono Boost)  
  17  1:29  Probe  
  18  1:41  Probe  
  18  1:47  Cybernetics Core  
  19  1:53  Probe  
  20  2:09  Nexus  
  20  2:16  Pylon  
  20  2:29  Assimilator  
  20  2:31  Adept (Chrono Boost), Probe  
  23  2:43  Probe  
  24  2:53  Stargate  
  24  2:55  Probe  
  24  2:56  Adept  
  27  3:03  Warp Gate  
  27  3:07  Probe  
  29  3:21  Probe (Chrono Boost)  
  29  3:27  Probe (Chrono Boost)  
  29  3:29  Adept  
  33  3:35  Oracle (Chrono Boost)  
  33  3:37  Probe x2 (Chrono Boost)  
  37  3:42  Probe (Chrono Boost)  
  37  3:43  Probe  
  39  3:52  Gateway  
  39  3:54  Probe  
  40  3:55  Probe  
  41  4:06  Probe  
  41  4:09  Pylon  
  42  4:10  Probe  
  42  4:14  Oracle (Chrono Boost)  
  42  4:27  Probe x2  
  44  4:37  Pylon  
  46  4:40  Probe x2  
  46  4:43  Stalker  
  48  4:52  Probe, Nexus  
  49  4:53  Oracle  
  49  4:56  Probe  
  53  5:04  Assimilator x2, Probe  
  54  5:11  Probe  
  52  5:18  Twilight Council  
  52  5:19  Forge  
  52  5:22  Adept  
  52  5:23  Adept  
  52  5:26  Pylon  
  56  5:28  Probe  
  57  5:38  Probe, Gateway  
  57  5:39  Gateway  
  58  5:44  Oracle  
  58  5:45  Probe  
  62  5:52  Probe  
  63  5:59  Protoss Ground Weapons Level 1  
  63  6:01  Blink  
  63  6:02  Probe (Chrono Boost)  
  64  6:06  Pylon  
  64  6:09  Probe (Chrono Boost)  
  65  6:17  Probe (Chrono Boost)  
  67  6:20  Probe (Chrono Boost)  
  67  6:22  Probe (Chrono Boost)  
  69  6:26  Probe (Chrono Boost)  
  69  6:29  Adept x2  
  69  6:30  Probe  
  70  6:36  Templar Archives  
  70  6:38  Gateway x2  
  69  6:41  Pylon  
  69  6:42  Robotics Facility  
  69  6:45  Probe  
  69  6:46  Probe  
  71  6:49  Probe  
  72  6:56  Zealot  
  72  6:57  Zealot  
  72  6:58  Probe  
  72  7:00  Probe  
  74  7:04  Probe  
  74  7:06  Pylon  
  74  7:07  Psionic Storm  
  75  7:11  Zealot x2  
  79  7:19  Nexus  
  79  7:20  Probe  
  79  7:22  Pylon  
  80  7:27  Zealot x2  
  82  7:34  Zealot x2  
  82  7:36  Probe  
  87  7:47  Shield Battery  
  87  7:48  Photon Cannon  
  87  7:51  Gateway  
  87  7:53  Zealot x2  
  87  7:55  Pylon  
  87  7:56  Gateway  
  91  8:01  Probe  
  91  8:04  Zealot x4  
  97  8:07  Phoenix (Chrono Boost)  
  97  8:12  Probe, Stargate  
  100  8:13  Probe  
  100  8:14  Probe  
  100  8:16  Charge (Chrono Boost)  
  102  8:23  Phoenix  
  102  8:26  High Templar x2  
  108  8:30  Photon Cannon  
  108  8:31  Stalker  
  110  8:35  Probe  
  110  8:38  Archon  
  110  8:40  Photon Cannon  
  111  8:42  Shield Battery  
  111  8:48  Probe, Phoenix  
  102  8:49  Stalker, Immortal (Chrono Boost)  
  104  8:57  Probe  
  104  9:00  High Templar  
  104  9:01  Probe  
  108  9:03  Probe  
  108  9:04  Assimilator  
  108  9:05  Assimilator  
  108  9:06  Assimilator x2  
  108  9:08  Phoenix  
  111  9:10  Photon Cannon  
  111  9:11  Shield Battery  
  111  9:14  Phoenix  
  113  9:19  Pylon  
  113  9:20  Stalker  
  113  9:21  Probe x2  
  113  9:22  Probe  
  112  9:26  Warp Prism (Chrono Boost)  
  112  9:28  Probe  
  112  9:29  Protoss Air Weapons Level 1 (Chrono Boost)  
  115  9:34  Photon Cannon, Probe  
  115  9:35  Shield Battery  
  115  9:37  Pylon  
  116  9:40  Probe  
  116  9:42  Phoenix  
  116  9:45  High Templar  
  121  9:48  Zealot x3  
  125  9:54  Zealot x3  
  125  9:57  Probe  
  128  10:03  Phoenix  
  128  10:06  Probe  
  127  10:07  Zealot  
  127  10:09  Probe x2  
  127  10:12  Phoenix, Pylon  
  131  10:15  High Templar x2  
  131  10:16  Probe  
  131  10:18  Probe  
  135  10:22  Immortal  
  135  10:24  Probe  
  140  10:31  Photon Cannon  
  140  10:32  Fleet Beacon  
  140  10:43  Photon Cannon  
  140  10:45  Phoenix x2, Pylon, Photon Cannon  
  142  10:52  Zealot x3  
  142  10:55  Protoss Ground Weapons Level 2 (Chrono Boost)  
  142  10:56  Pylon  
  148  10:57  Pylon  
  148  10:59  Pylon  
  148  11:03  Probe x2  
  150  11:05  Pylon  
  147  11:12  Phoenix  
  147  11:15  Phoenix  
  147  11:17  Protoss Air Weapons Level 2 (Chrono Boost)  
  151  11:20  Stargate  
  151  11:21  Stargate  
  151  11:25  Zealot  
  151  11:26  Zealot x6, Anion Pulse-Crystals (Chrono Boost)  
  165  11:39  Zealot  
  157  11:49  Phoenix  
  157  11:50  Phoenix  
  155  11:55  Zealot x4  
  165  12:02  Probe  
  165  12:03  High Templar  
  165  12:04  High Templar  
  164  12:08  Archon  
  164  12:13  Gateway, Flux Vanes  
  164  12:15  High Templar x2  
  162  12:19  Photon Cannon, Phoenix  
  162  12:21  Photon Cannon  
  160  12:23  Zealot x4  
  160  12:26  Observer  
  160  12:27  Pylon  
  169  12:32  Void Ray x2, Pylon  
  169  12:37  Probe (Chrono Boost)  
  169  12:43  Zealot x2  
  174  12:47  Probe (Chrono Boost)  
  175  12:51  Stalker x6  
  175  12:52  Probe (Chrono Boost)  
  182  13:07  Immortal  
  182  13:10  Pylon  
  186  13:15  Pylon  
  186  13:17  Carrier  
  188  13:20  Nexus  
  188  13:28  Probe (Chrono Boost)  
  188  13:29  Pylon  
  188  13:32  Protoss Shields Level 1 (Chrono Boost)  
  189  13:34  Gateway  
  189  13:35  Gateway  
  197  13:44  Warp Prism (Chrono Boost)  
  197  13:46  Mothership (Chrono Boost)  
  199  13:54  Dark Shrine  
  199  14:01  Nexus  
  199  14:02  Pylon  
  199  14:09  Archon  
  187  14:12  Observer (Chrono Boost)  
  187  14:13  High Templar x2  
  187  14:14  Zealot x4  
  200  14:19  Void Ray  
  196  14:27  Immortal (Chrono Boost)  
  198  14:47  Zealot  
  198  14:51  Photon Cannon  
  198  14:52  Cybernetics Core, Photon Cannon  
  200  14:53  Cybernetics Core  
  200  14:54  Photon Cannon  
  181  15:00  Pylon  
  181  15:03  High Templar x3  
  181  15:04  Zealot x3  
  181  15:07  Void Ray (Chrono Boost)  
  183  15:08  Archon  
  183  15:11  Void Ray (Chrono Boost)  
  163  15:15  Probe  
  161  15:22  Void Ray (Chrono Boost)  
  149  15:29  Zealot x8  
  161  15:42  Probe x2  
  156  15:43  Probe x2  
  156  15:47  Void Ray (Chrono Boost)  
  162  15:52  Void Ray (Chrono Boost)  
  162  15:54  Zealot x6, Probe  
  173  16:03  Probe x3  
  166  16:07  Probe  
  149  16:15  Probe x3  
  149  16:16  Assimilator  
  149  16:18  Pylon  
  152  16:20  Protoss Shields Level 2 (Chrono Boost)  
  152  16:21  Cybernetics Core  
  152  16:42  Zealot  
  152  16:43  Dark Templar x2  
  152  16:45  Zealot x5  
  166  16:54  Void Ray (Chrono Boost)  
  166  17:00  Probe x2  
  160  17:04  Void Ray (Chrono Boost)  
  160  17:05  Protoss Air Weapons Level 3 (Chrono Boost)  
  160  17:07  Immortal (Chrono Boost)  
  160  17:13  Probe  
  164  17:34  Pylon  
  164  17:37  Carrier (Chrono Boost)  
  170  17:47  High Templar x4  
  178  17:54  Archon x2  
  168  18:09  Dark Templar  
  166  18:14  Pylon  
  166  18:17  Photon Cannon  
  164  18:20  Shield Battery, Immortal  
  164  18:25  Void Ray (Chrono Boost)  
  176  18:28  Nexus  
  176  18:29  Void Ray (Chrono Boost)  
  176  18:31  Assimilator  
  176  18:32  Zealot  
  178  18:35  Assimilator  
  178  18:42  Void Ray  
  178  18:47  Protoss Ground Armor Level 1 (Chrono Boost)  
  178  18:48  Photon Cannon  
  178  18:49  Shield Battery  
  178  18:50  Shield Battery  
  182  19:02  Dark Templar  
  182  19:08  Zealot  
  184  19:18  Immortal  
  184  19:20  Zealot  
  185  19:33  Oracle  
  185  19:35  Dark Templar  
  190  19:40  Zealot x5  
  196  20:18  Nexus  
  196  20:28  Protoss Air Armor Level 1 (Chrono Boost)  
  196  20:30  Pylon  
  196  20:35  Assimilator, High Templar x2  
  200  20:36  Protoss Ground Weapons Level 3 (Chrono Boost)  
  200  20:38  Assimilator  
  200  20:42  Shield Battery  
  200  20:56  Photon Cannon  
  200  20:57  Shield Battery, Photon Cannon  
  200  20:58  Photon Cannon x2, Shield Battery  
  200  20:59  Photon Cannon  
  200  21:01  Shield Battery  
  200  21:03  Pylon  
  193  21:33  Carrier (Chrono Boost)  
  193  21:34  Carrier (Chrono Boost)  
  197  21:41  Probe  
  197  21:42  Probe  
  197  21:46  Probe  
  187  21:51  Carrier (Chrono Boost)  
  187  21:52  Dark Templar  
  188  22:00  Zealot  
  196  22:08  High Templar x2  
  198  22:28  Warp Prism  
  197  22:47  Nexus  
  197  22:48  Pylon  
  193  23:01  Protoss Shields Level 3 (Chrono Boost)  
  193  23:02  Unknown  
  193  23:10  Zealot  
  193  23:11  Zealot x4  
  172  23:28  Dark Templar  
  172  23:29  Dark Templar  
  172  23:30  Void Ray x2 (Chrono Boost)  
  172  23:32  Probe x2  
  175  23:35  Void Ray (Chrono Boost)  
  169  23:45  Probe x4  
  169  23:46  Assimilator  
  169  23:47  Probe  
  174  23:53  Protoss Air Armor Level 2  
  174  24:07  High Templar x2  
  184  24:10  Carrier (Chrono Boost)  
  184  24:15  Carrier (Chrono Boost), Observer  
  184  24:16  Photon Cannon  
  191  24:19  Archon  
  191  24:28  Pylon  
  191  24:35  Zealot x4  
  194  24:49  Zealot x3  
  200  24:59  High Templar x2  
  149  25:23  Tempest (Chrono Boost)  
  149  25:27  Carrier (Chrono Boost), Probe x3  
  149  25:28  Probe  
  149  25:40  Carrier (Chrono Boost)  
  149  25:41  Assimilator  
  141  25:53  Zealot x5  
  139  26:00  Probe  
  139  26:02  Assimilator  
  139  26:03  Probe x2  
  136  26:06  Zealot x2  
  140  26:24  Void Ray (Chrono Boost)  
  140  26:25  Probe  
  149  26:27  Void Ray (Chrono Boost)  
  149  26:31  Probe  
  146  26:34  Probe x2  
  147  26:42  Probe  
  143  26:55  Dark Shrine  
  143  26:56  Zealot x3  
  157  27:19  Mothership (Chrono Boost)  
  157  27:21  Probe x2 (Chrono Boost)  
  159  27:28  Zealot  
  159  27:29  Zealot  
  154  27:53  Carrier (Chrono Boost)  
  154  27:54  Zealot x4, Protoss Air Armor Level 3 (Chrono Boost)  
  168  28:04  Probe (Chrono Boost)  
  170  28:07  Observer (Chrono Boost)  
  170  28:09  Probe (Chrono Boost)  
  171  28:26  Carrier (Chrono Boost)  
  177  28:29  Photon Cannon  
  171  28:51  Tempest (Chrono Boost)  
  171  28:52  Void Ray (Chrono Boost)  
  163  28:55  Zealot x2  
  163  28:59  Zealot x5  
  179  29:09  Carrier (Chrono Boost)  
  179  29:19  Probe x2  
  187  29:26  Pylon  
  185  29:33  Nexus, Oracle (Chrono Boost)  
  192  30:00  Tempest (Chrono Boost)  
  192  30:04  Photon Cannon  
  192  30:05  Photon Cannon  
  192  30:06  Photon Cannon  
  192  30:12  Shield Battery  
  192  30:13  Pylon  
  192  30:20  Assimilator  
  192  30:22  Assimilator  
  192  30:25  Photon Cannon  
  188  30:52  Probe x3  
Tags
 
Add a new tag
Caveats
  • Supply blocks, unpowered buildings, or Contaminate may cause inaccurate times.
  • Supply counts are checked every 10 seconds.